 Dungeon Crawl Stone Soup version 0.18.1-50-g88ac8fd (webtiles) character file.

280 varam the Archer (level 6, -1/48 HPs)
             Began as a Centaur Hunter on Oct 14, 2016.
             Succumbed to a scorpion's poison
             ... on level 6 of the Dungeon.
             The game lasted 00:17:03 (4050 turns).

varam the Archer (Centaur Hunter)                   Turns: 4050, Time: 00:17:04

Health: -1/48      AC: 11    Str: 13 (14) XL:     6   Next: 5%
Magic:  6/6        EV:  9    Int:  9 (10) God:
Gold:   226        SH:  0    Dex: 11 (12) Spells: 0 memorised, 5 levels left

rFire  + . .     SeeInvis +     A - +1 short sword (protect)
rCold  + . .     Gourm    +     x - +2 leather armour {rF+}
rNeg   . . .     Faith    .     (no shield)
rPois  .         Spirit   .     (no helmet)
rElec  .         Dismiss  .     (no cloak)
rCorr  .         Reflect  .     (no gloves)
SustAt .         Harm     .     (no barding)
MR     .....                    M - amulet of the gourmand
Stlth  +.........               H - ring of see invisible
                                o - ring of protection from cold

@: lethally poisoned (-1 -> -22), very quick, not resistant to hostile
enchantments, very unstealthy
A: hooves 3, deformed body, speed 2, tough skin 3
a: no special abilities


You were on level 6 of the Dungeon.
You were not hungry.

You visited 1 branch of the dungeon, and saw 6 of its levels.

You collected 226 gold pieces.

Inventory:

Hand Weapons
 a - a +1 shortbow
 b - a +0 short sword
 u - a +0 dagger of holy wrath
 A - a +1 short sword of protection (weapon)
 L - a +0 hand axe
Missiles
 d - 6 arrows
 w - 107 stones (quivered)
 B - 3 silver tomahawks
Armour
 x - a +2 leather armour of fire resistance (worn)
 E - a cursed +0 leather armour
 K - a +2 shield
Jewellery
 o - a ring of protection from cold (left hand)
 H - a ring of see invisible (right hand)
 M - an amulet of the gourmand (around neck)
Scrolls
 i - 3 scrolls of amnesia {unknown}
 j - 2 scrolls of noise {unknown}
 l - a scroll of identify {unknown}
 m - a scroll of fog {unknown}
 p - 2 scrolls of fear {unknown}
 s - a scroll of remove curse {unknown}
 y - a scroll of recharging {unknown}
 C - 2 scrolls of enchant weapon {unknown}
 F - 3 scrolls of magic mapping {unknown}
 G - 2 scrolls of teleportation {unknown}
Potions
 c - a potion of cure mutation {unknown}
 e - 2 potions of haste {unknown}
 g - a potion of invisibility {unknown}
 k - a potion of curing {unknown}
 n - 2 potions of heal wounds {unknown}
 r - 2 potions of flight {unknown}
 t - a potion of might {unknown}
 z - a potion of degeneration
 D - 2 potions of mutation {unknown}
 I - 2 potions of lignification {unknown}
Comestibles
 f - 4 bread rations
 h - 2 royal jellies
 q - a slice of pizza
 v - 5 meat rations
 J - 5 chunks of flesh
 N - a beef jerky


   Skills:
 - Level 2.0 Fighting
 + Level 9.6 Bows
 - Level 1.3 Dodging
 - Level 0.5 Stealth


You had 5 spell levels left.
You didn't know any spells.

Dungeon Overview and Level Annotations

Branches:
Dungeon (6/15)
 Temple: D:4-7

Altars:
Kikubaaqudgha
Sif Muna

Annotations:
D:5 Menkaure


Innate Abilities, Weirdness & Mutations

You have hooves in place of feet.
Armour fits poorly on your strangely shaped body.
You cover ground very quickly.
You have extremely tough skin (AC +3).


Message History

You closely miss the scorpion.
You kick the scorpion, but do no damage.
The scorpion is heavily wounded.
* * * LOW HITPOINT WARNING * * *
You feel sick. The scorpion stings you.
* * * LOW HITPOINT WARNING * * *
You hit the scorpion.
You kick the scorpion, but do no damage.
The scorpion is heavily wounded.
* * * LOW HITPOINT WARNING * * *
You feel sick. The scorpion stings you.
* * * LOW HITPOINT WARNING * * *
You are more poisoned.
The scorpion poisons you!
Unknown command.
Drink which item? (? for menu, Esc to quit)
It was a potion of degeneration.
There was something very wrong with that liquid.
You feel weakened.
You feel dopey.
You feel clumsy.
You die...

###########
##.........#
.......@#..#
##.#.##s#..#######
#.#.##(#.........
#.#.##(##.######
#.#
#.#.##...........
#.#
#........#.......
#.#
#...##.#...######
#.# #...##.##.##
#.# #...##(# .#


You could see a scorpion.

Vanquished Creatures
  A crimson imp (D:5)
  A gnoll shaman (D:4)
  A hound zombie (D:5)
  4 gnolls (D:4)
  7 adders
  A shadow imp (D:5)
  2 oozes
  2 dart slugs (D:1)
  6 giant geckos
  8 orcs
  A ball python (D:1)
  7 giant cockroaches
  4 goblins
  8 hobgoblins
  3 quokkas
  4 bats
  5 giant newts
  7 kobolds
  2 rats (D:1)
74 creatures vanquished.

Notes
Turn   | Place    | Note
--------------------------------------------------------------
     0 | D:1      | varam the Centaur Hunter began the quest for the Orb.
     0 | D:1      | Reached XP level 1. HP: 17/17 MP: 1/1
   240 | D:1      | Reached XP level 2. HP: 24/24 MP: 2/2
   305 | D:1      | Reached skill level 6 in Bows
  1058 | D:2      | Reached XP level 3. HP: 29/29 MP: 3/3
  1310 | D:2      | Found a deep blue altar of Sif Muna.
  1623 | D:2      | Reached skill level 7 in Bows
  2288 | D:2      | Reached XP level 4. HP: 36/36 MP: 4/4
  2503 | D:3      | Found an ancient bone altar of Kikubaaqudgha.
  2630 | D:3      | Reached skill level 8 in Bows
  2959 | D:4      | Reached XP level 5. HP: 41/41 MP: 5/5
  3471 | D:4      | Reached skill level 9 in Bows
  3772 | D:5      | Entered Level 5 of the Dungeon
  3910 | D:5      | Reached XP level 6. HP: 46/48 MP: 6/6
  3960 | D:5      | Noticed Menkaure
  4049 | D:6      | HP: 1/48 [scorpion (4)]
  4050 | D:6      | Succumbed to a scorpion's poison

Skill      XL: |  1  2  3  4  5 |
---------------+----------------+-----
Bows           | 6 7 8 9 |  9.6
Fighting       | |  2.0
Dodging        | |  1.3
Stealth        | |  0.5

Action                   |  1- 3 |  4- 6 || total
-------------------------+-------+-------++-------
Melee: Short sword       |    27 |     3 ||    30
       Kick              |     4 |     2 ||     6
 Fire: Shortbow          |    82 |   154 ||   236
  Use: Potion            |       |     1 ||     1
  Eat: Chunk             |     3 |     3 ||     6
       Bread ration      |       |     1 ||     1
Armor: Leather armour    |    13 |    18 ||    31
       Skin              |     1 |       ||     1
Dodge: Dodged            |    27 |    26 ||    53
